Nordiques vs Avalanche (R1)

Created - 15 janvier 2013 at 19:09

Goals
1 2 3 T
Nordiques 1 0 2 3
Avalanche 1 0 0 1
Shots
1 2 3 T
Nordiques 12 8 15 35
Avalanche 10 10 12 32

1st period

1. Avalanche , Mike Comrie 7 (Bobby Ryan, Marc Staal) at 16:01
2. Nordiques , Rene Bourque 7 (Saku Koivu, Eric Brewer) at 18:24

Penalties :
Mike Rathje (Col) for Tripping (Minor) at 2:58, Karel Pilar (Que) for Slashing (Minor) at 18:54

2nd period

No Goal

Penalties :
Martin Lapointe (Col) for Roughing (Minor) at 1:51, Ryan Smyth (Col) for Hooking (Minor) at 8:33, Mike Rathje (Col) for Hooking (Minor) at 11:05, Mike Rathje (Col) for Hooking (Minor) at 16:31, Nick Schultz (Que) for High sticking (Minor) at 16:31, Jack Johnson (Col) for Tripping (Minor) at 19:19

3rd period

3. Nordiques , Rene Bourque 8 (Saku Koivu, Alexei Ponikarovsky) at 2:09
4. Nordiques , Eric Brewer 3 (Rene Bourque) at 6:44 (PP)

Penalties :
Mike Cammalleri (Que) for Cross-checking (Minor) at 2:37, Jason Pominville (Col) for Charging (Minor) at 6:07, Kris Vernarsky (Que) for Hooking (Minor) at 11:35

Goalie Stats

Roberto Luongo (Que), 31 saves from 32 shots - (0,969), W, 13-9-0, 60:00 minutes
Antti Niemi (Col), 32 saves from 35 shots - (0,914), L, 4-6-2, 60:00 minutes

Players Stats for Nordiques

Player Name              G  A  P  +/- PIM S  H  SB GA TA FO     MP     PP MP  PK MP  
------------------------------------------------------------------------------------
Alexei Ponikarovsky      0  1  1   0  0   2  1  0  0  0  0/1     6:54   0:00   0:27 
Brian Gionta             0  0  0  -1  0   1  2  1  0  0  1/2    14:45   4:17   0:00 
Cory Sarich              0  0  0   0  0   1  1  1  0  0  0/0    20:09   4:46   2:35 
Dany Heatley             0  0  0   2  0   2  1  0  1  0  7/16   25:49   6:15   4:11 
Dave Scatchard           0  0  0   0  0   1  0  0  2  0  0/2     6:45   0:00   0:04 
Eric Brewer              1  1  2   0  0   2  1  2  1  1  0/0    28:39   5:46   3:22 
Ian Moran                0  0  0   1  0   0  0  0  0  0  0/0    11:12   0:00   0:00 
Karel Pilar              0  0  0   0  2   3  0  1  0  1  0/0    19:45   4:46   1:52 
Kris Vernarsky           0  0  0   0  2   2  1  1  0  1  2/5    10:25   0:00   0:00 
Lubomir Visnovsky        0  0  0   0  0   2  1  2  1  0  0/0    28:39   5:46   3:22 
Matt Pettinger           0  0  0   0  0   2  1  0  0  1  1/1    10:25   0:03   0:00 
Mattias Weinhandl        0  0  0   0  0   1  1  0  0  0  0/0     6:27   0:00   0:00 
Mike Cammalleri          0  0  0  -1  2   2  1  1  0  2  0/0    16:22   4:17   0:47 
Nick Schultz             0  0  0   1  2   0  0  0  0  0  0/0    12:15   0:00   0:43 
Rene Bourque             2  1  3   2  0   5  0  0  1  0  0/0    21:45   6:15   1:16 
Saku Koivu               0  2  2   2  0   2  4  0  1  1  17/31  25:40   6:12   4:05 
Stephen Weiss            0  0  0  -1  0   3  4  1  1  0  6/11   14:45   4:17   0:00 
Valeri Bure              0  0  0   0  0   4  2  0  0  0  0/0    11:19   0:00   1:04 

Players Stats for Avalanche

Player Name              G  A  P  +/- PIM S  H  SB GA TA FO     MP     PP MP  PK MP  
------------------------------------------------------------------------------------
Andrew Ladd              0  0  0   0  0   0  0  0  1  0  0/0    12:21   1:56   1:31 
Bobby Ryan               0  1  1   0  0   2  1  1  1  0  0/0    13:59   2:07   0:00 
Chuck Kobasew            0  0  0   0  0   2  1  1  0  0  1/1    13:11   0:00   3:57 
Dustin Byfuglien         0  0  0  -1  0   0  1  0  0  0  0/0     6:13   0:00   0:00 
Éric Perrin              0  0  0  -1  0   2  0  0  0  0  2/5     7:17   0:00   1:07 
Frantisek Kaberle        0  0  0  -2  0   2  0  2  1  0  0/0    17:24   1:56   0:12 
Jack Johnson             0  0  0   0  2   1  1  2  1  1  0/0    26:25   4:01   3:51 
Jason Pominville         0  0  0   0  2   7  1  1  0  0  1/2    17:36   3:42   0:00 
Jeremy Roenick           0  0  0   0  0   3  2  0  1  1  19/36  22:05   3:42   2:50 
Marc Staal               0  1  1   1  0   2  0  0  0  3  0/0    23:21   0:00   6:04 
Martin Lapointe          0  0  0  -1  2   0  1  0  0  1  0/1    12:57   0:08   5:03 
Mike Comrie              1  0  1   0  0   4  5  0  1  0  5/10   13:51   2:07   0:00 
Mike Rathje              0  0  0   0  6   0  3  1  0  1  0/0    15:03   0:00   2:36 
Ossi Vaananen            0  0  0  -1  0   0  0  1  0  0  0/0    18:58   0:00   6:04 
Rod Brind'Amour          0  0  0   0  0   1  2  0  0  0  6/12   15:53   0:08   6:08 
Rostislav Olesz          0  0  0   0  0   1  0  1  1  0  0/0    14:06   2:07   0:28 
Ryan Smyth               0  0  0   0  2   5  3  0  0  0  1/2    19:07   3:50   0:00 
Sami Salo                0  0  0   0  0   0  1  0  0  1  0/0    17:35   4:01   2:17 

3 Stars

1 - Rene Bourque (Que)
2 - Roberto Luongo (Que)
3 - Saku Koivu (Que)

Power Play

Nordiques - 1 on 6 Attempt(s) - 16,67%
Avalanche - 0 on 3 Attempt(s) - 0,00%

Penalty Kill

Nordiques - 3 on 3 Attempt(s) - 100,00% - Score 0 goal in Penalty Kill
Avalanche - 5 on 6 Attempt(s) - 83,33% - Score 0 goal in Penalty Kill

Official

Referees : Charron Francis and McCreary Bill
Linesman : Darren Gibbs and Scott Driscoll

Game Notes

No Game Note

Finance

Level 1 -- Attendance: 5803 (96,72%) -- Ticket Income 551 285 $
Level 2 -- Attendance: 4897 (97,94%) -- Ticket Income 274 232 $
Level 3 -- Attendance: 1770 (88,50%) -- Ticket Income 58 410 $
Level 4 -- Attendance: 3553 (88,83%) -- Ticket Income 71 060 $
Luxury Box -- Attendance: 896 (89,60%) -- Ticket Income 161 280 $
Game was played at the Pepsi Center
Total Attendance: 16919 (93,99%)
Total Ticket Income: 1 116 267 $
Total Income: 1 116 267 $

Nordiques

5 vs 5 Forward 
   Center                   Left Wing                Right Wing               Time % Phy DF OF 
 1 Saku Koivu               Dany Heatley             Rene Bourque             40     1   2  2  
 2 Stephen Weiss            Mike Cammalleri          Brian Gionta             30     1   2  2  
 3 Kris Vernarsky           Matt Pettinger           Valeri Bure              20     1   2  2  
 4 Dave Scatchard           Alexei Ponikarovsky      Mattias Weinhandl        10     1   2  2  

5 vs 5 Defense 
   Defense                  Defense                                           Time % Phy DF OF 
 1 Eric Brewer              Lubomir Visnovsky                                 40     1   2  2  
 2 Karel Pilar              Cory Sarich                                       30     1   2  2  
 3 Ian Moran                Nick Schultz                                      20     1   2  2  
 4 Eric Brewer              Lubomir Visnovsky                                 10     1   2  2  

PowerPlay Forward 
   Center                   Left Wing                Right Wing               Time % Phy DF OF 
 1 Saku Koivu               Dany Heatley             Rene Bourque             60     1   2  2  
 2 Stephen Weiss            Mike Cammalleri          Brian Gionta             40     1   2  2  

PowerPlay Defense
   Defense                  Defense                                           Time % Phy DF OF 
 1 Eric Brewer              Lubomir Visnovsky                                 60     1   2  2  
 2 Karel Pilar              Cory Sarich                                       40     1   2  2  

Penalty Kill 4 Players Forward 
   Center                   Wing                     Time % Phy DF OF 
 1 Dany Heatley             Saku Koivu               60     1   2  2  
 2 Mike Cammalleri          Rene Bourque             40     1   2  2  

Penalty Kill 4 Players Defense
   Defense                  Defense                  Time % Phy DF OF 
 1 Eric Brewer              Lubomir Visnovsky        60     1   2  2  
 2 Karel Pilar              Cory Sarich              40     1   2  2  

Penalty Kill - 3 Players Forward 
   Forward                                           Time % Phy DF OF 
 1 Dany Heatley                                      60     1   2  2  
 2 Saku Koivu                                        40     1   2  2  

Penalty Kill - 3 Players Defense
   Defense                  Defense                  Time % Phy DF OF 
 1 Eric Brewer              Lubomir Visnovsky        60     1   2  2  
 2 Karel Pilar              Cory Sarich              40     1   2  2  

4 vs 4 Forward 
   Center                   Wing                     Time % Phy DF OF 
 1 Dany Heatley             Saku Koivu               60     1   2  2  
 2 Mike Cammalleri          Rene Bourque             40     1   2  2  

4 vs 4 Defense
   Defense                  Defense                  Time % Phy DF OF 
 1 Eric Brewer              Lubomir Visnovsky        60     1   2  2  
 2 Karel Pilar              Cory Sarich              40     1   2  2  

Last Minutes Offensive
   Center                   Left Wing                Right Wing               Defense                  Defense                  
   Saku Koivu               Dany Heatley             Rene Bourque             Eric Brewer              Lubomir Visnovsky        

Last Minutes Defensive
   Center                   Left Wing                Right Wing               Defense                  Defense                  
   Saku Koivu               Dany Heatley             Rene Bourque             Eric Brewer              Lubomir Visnovsky        

Goaltenders
Starting : Roberto Luongo           
Backup : John Grahame             

Extra Forwards
Normal : Matt Pettinger, Kris Vernarsky, Valeri Bure - PP : Matt Pettinger, Kris Vernarsky - PK : Valeri Bure
Extra Defensemen
Normal : Ian Moran, Nick Schultz, Karel Pilar - PP : Ian Moran - PK : Nick Schultz, Karel Pilar
Penalty Shots
Dany Heatley, Saku Koivu, Mike Cammalleri, Rene Bourque, Stephen Weiss

Avalanche

5 vs 5 Forward 
   Center                   Left Wing                Right Wing               Time % Phy DF OF 
 1 Jeremy Roenick           Ryan Smyth               Jason Pominville         40     1   2  2  
 2 Mike Comrie              Rostislav Olesz          Bobby Ryan               30     1   2  2  
 3 Rod Brind'Amour          Andrew Ladd              Chuck Kobasew            20     1   2  2  
 4 Éric Perrin              Martin Lapointe          Dustin Byfuglien         10     1   2  2  

5 vs 5 Defense 
   Defense                  Defense                                           Time % Phy DF OF 
 1 Jack Johnson             Marc Staal                                        35     1   2  2  
 2 Frantisek Kaberle        Ossi Vaananen                                     30     1   2  2  
 3 Sami Salo                Mike Rathje                                       25     1   2  2  
 4 Jack Johnson             Frantisek Kaberle                                 10     1   2  2  

PowerPlay Forward 
   Center                   Left Wing                Right Wing               Time % Phy DF OF 
 1 Jeremy Roenick           Ryan Smyth               Jason Pominville         60     1   2  2  
 2 Mike Comrie              Rostislav Olesz          Bobby Ryan               40     1   2  2  

PowerPlay Defense
   Defense                  Defense                                           Time % Phy DF OF 
 1 Sami Salo                Jack Johnson                                      60     1   2  2  
 2 Frantisek Kaberle        Andrew Ladd                                       40     1   2  2  

Penalty Kill 4 Players Forward 
   Center                   Wing                     Time % Phy DF OF 
 1 Rod Brind'Amour          Martin Lapointe          60     1   2  2  
 2 Jeremy Roenick           Chuck Kobasew            40     1   2  2  

Penalty Kill 4 Players Defense
   Defense                  Defense                  Time % Phy DF OF 
 1 Ossi Vaananen            Marc Staal               60     1   2  2  
 2 Mike Rathje              Jack Johnson             40     1   2  2  

Penalty Kill - 3 Players Forward 
   Forward                                           Time % Phy DF OF 
 1 Jeremy Roenick                                    60     1   2  2  
 2 Rod Brind'Amour                                   40     1   2  2  

Penalty Kill - 3 Players Defense
   Defense                  Defense                  Time % Phy DF OF 
 1 Ossi Vaananen            Marc Staal               60     1   2  2  
 2 Mike Rathje              Jack Johnson             40     1   2  2  

4 vs 4 Forward 
   Center                   Wing                     Time % Phy DF OF 
 1 Jeremy Roenick           Ryan Smyth               60     1   2  2  
 2 Jason Pominville         Mike Comrie              40     1   2  2  

4 vs 4 Defense
   Defense                  Defense                  Time % Phy DF OF 
 1 Frantisek Kaberle        Marc Staal               60     1   2  2  
 2 Sami Salo                Ossi Vaananen            40     1   2  2  

Last Minutes Offensive
   Center                   Left Wing                Right Wing               Defense                  Defense                  
   Jeremy Roenick           Ryan Smyth               Jason Pominville         Frantisek Kaberle        Jack Johnson             

Last Minutes Defensive
   Center                   Left Wing                Right Wing               Defense                  Defense                  
   Rod Brind'Amour          Ryan Smyth               Martin Lapointe          Ossi Vaananen            Marc Staal               

Goaltenders
Starting : Antti Niemi              
Backup : Patrick Lalime           

Extra Forwards
Normal : Rod Brind'Amour, Martin Lapointe, Chuck Kobasew - PP : Rod Brind'Amour, Martin Lapointe - PK : Chuck Kobasew
Extra Defensemen
Normal : Jack Johnson, Mike Rathje, Sami Salo - PP : Jack Johnson - PK : Mike Rathje, Sami Salo
Penalty Shots
Jeremy Roenick, Ryan Smyth, Jason Pominville, Mike Comrie, Rod Brind'Amour

% Time on Ice - Nordiques

Lines # - Real PCT - Wanted PCT - Time Play
Normal Forward
1 - 33% - 40% - 13:43
2 - 27% - 30% - 11:07
3 - 25% - 20% - 10:15
4 - 16% - 10% - 6:27
Normal Defense
1 - 39% - 40% - 16:07
2 - 29% - 30% - 12:09
3 - 27% - 20% - 11:12
4 - 5% - 10% - 2:04
PP Forward
1 - 59% - 60% - 6:15
2 - 41% - 40% - 4:17
PP Defense
1 - 55% - 60% - 5:46
2 - 45% - 40% - 4:46
PK Forward
1 - 79% - 60% - 4:41
2 - 21% - 40% - 1:16
PK Defense
1 - 57% - 60% - 3:22
2 - 43% - 40% - 2:35
PK3 Forward
1 - 0% - 60%
2 - 0% - 40%
PK3 Defense
1 - 0% - 60%
2 - 0% - 40%
44 Forward
1 - 90% - 60% - 1:47
2 - 10% - 40% - 0:12
44 Defense
1 - 67% - 60% - 1:20
2 - 33% - 40% - 0:39
Last Minute Offensive  - 0:00
Last Minute Defensive  - 0:00
Total
Forward - 60:00
Defense - 60:00

% Time on Ice - Avalanche

Lines # - Real PCT - Wanted PCT - Time Play
Normal Forward
1 - 34% - 40% - 14:18
2 - 31% - 30% - 12:47
3 - 20% - 20% - 8:17
4 - 15% - 10% - 6:10
Normal Defense
1 - 39% - 35% - 16:13
2 - 32% - 30% - 13:20
3 - 25% - 25% - 10:31
4 - 4% - 10% - 1:28
PP Forward
1 - 64% - 60% - 3:50
2 - 36% - 40% - 2:07
PP Defense
1 - 68% - 60% - 4:01
2 - 32% - 40% - 1:56
PK Forward
1 - 73% - 60% - 7:42
2 - 27% - 40% - 2:50
PK Defense
1 - 58% - 60% - 6:04
2 - 42% - 40% - 4:28
PK3 Forward
1 - 0% - 60%
2 - 0% - 40%
PK3 Defense
1 - 0% - 60%
2 - 0% - 40%
44 Forward
1 - 89% - 60% - 1:46
2 - 11% - 40% - 0:13
44 Defense
1 - 76% - 60% - 1:31
2 - 24% - 40% - 0:28
Last Minute Offensive  - 0:00
Last Minute Defensive  - 0:00
Total
Forward - 60:00
Defense - 60:00

Play by Play

1st period


0:01 of 1st period - Dany Heatley wins face-off versus Jeremy Roenick in neutral zone.
0:14 of 1st period - Wrist shot by Rene Bourque.
0:14 of 1st period - Stopped by Antti Niemi with a rebound.
0:26 of 1st period - Lubomir Visnovsky is hit by Jack Johnson and loses puck.
1:14 of 1st period - Off-side.
1:15 of 1st period - Jeremy Roenick wins face-off versus Saku Koivu in neutral zone.
1:41 of 1st period - Wrist shot by Rostislav Olesz.
1:41 of 1st period - Stopped by Roberto Luongo without a rebound.
1:42 of 1st period - Mike Comrie wins face-off versus Stephen Weiss in Nordiques zone.
1:49 of 1st period - Bobby Ryan is hit by Stephen Weiss and loses puck.
2:27 of 1st period - Snap shot by Valeri Bure.
2:27 of 1st period - Stopped by Antti Niemi with a rebound.
2:29 of 1st period - Slapshot by Lubomir Visnovsky.
2:29 of 1st period - Stopped by Antti Niemi without a rebound.
2:30 of 1st period - Chuck Kobasew wins face-off versus Saku Koivu in Avalanche zone.
2:30 of 1st period - Chuck Kobasew is hit by Saku Koivu.
2:56 of 1st period - Jason Pominville is hit by Brian Gionta and loses puck.
2:58 of 1st period - Minor Penalty to Mike Rathje for Tripping.
2:59 of 1st period - Saku Koivu wins face-off versus Rod Brind'Amour in Avalanche zone.
4:58 of 1st period - Penalty to Mike Rathje is over, Mike Rathje is back on ice.
5:54 of 1st period - Martin Lapointe is hit by Kris Vernarsky and loses puck.
7:12 of 1st period - Mike Cammalleri is hit by Jason Pominville and loses puck.
7:23 of 1st period - Icing by Ryan Smyth.
7:24 of 1st period - Saku Koivu wins face-off versus Jeremy Roenick in Avalanche zone.
7:37 of 1st period - Backhand shot by Saku Koivu.
7:37 of 1st period - Shot Blocked by Jason Pominville.
8:57 of 1st period - Ossi Vaananen is hit by Valeri Bure and loses puck.
9:04 of 1st period - Lubomir Visnovsky is hit by Jeremy Roenick and loses puck.
9:19 of 1st period - Slapshot by Lubomir Visnovsky.
9:19 of 1st period - Shot Misses the Net.
9:23 of 1st period - Wrist shot by Alexei Ponikarovsky.
9:23 of 1st period - Stopped by Antti Niemi without a rebound.
9:24 of 1st period - Saku Koivu wins face-off versus Rod Brind'Amour in Avalanche zone.
9:31 of 1st period - Snap shot by Saku Koivu.
9:31 of 1st period - Deflect By Rene Bourque.
9:31 of 1st period - Stopped by Antti Niemi with a rebound.
9:33 of 1st period - Slapshot by Ian Moran.
9:33 of 1st period - Shot Blocked by Chuck Kobasew.
10:02 of 1st period - Matt Pettinger is hit by Rod Brind'Amour and loses puck.
10:40 of 1st period - Rene Bourque is hit by Mike Comrie.
11:04 of 1st period - Wrist shot by Rene Bourque.
11:04 of 1st period - Deflect By Marc Staal.
11:04 of 1st period - Shot Misses the Net.
11:04 of 1st period - Puck is out of play.
11:05 of 1st period - Stephen Weiss wins face-off versus Éric Perrin in Avalanche zone.
11:06 of 1st period - Wrist shot by Mike Cammalleri.
11:06 of 1st period - Shot Misses the Net.
11:08 of 1st period - Slapshot by Eric Brewer.
11:08 of 1st period - Stopped by Antti Niemi without a rebound.
11:09 of 1st period - Éric Perrin wins face-off versus Brian Gionta in Avalanche zone.
11:09 of 1st period - Éric Perrin is hit by Stephen Weiss.
11:17 of 1st period - Mike Cammalleri is hit by Dustin Byfuglien and loses puck.
12:19 of 1st period - Slapshot by Rod Brind'Amour.
12:19 of 1st period - Shot Misses the Net.
12:21 of 1st period - Wrist shot by Rod Brind'Amour.
12:21 of 1st period - Shot Blocked by Karel Pilar.
12:23 of 1st period - Slapshot by Marc Staal.
12:23 of 1st period - Deflect By Chuck Kobasew.
12:23 of 1st period - Stopped by Roberto Luongo with a rebound.
13:24 of 1st period - Backhand shot by Kris Vernarsky.
13:24 of 1st period - Shot Blocked by Mike Rathje.
13:42 of 1st period - Wrist shot by Mike Comrie.
13:42 of 1st period - Stopped by Roberto Luongo with a rebound.
14:02 of 1st period - Slapshot by Saku Koivu.
14:02 of 1st period - Stopped by Antti Niemi without a rebound.
14:03 of 1st period - Rod Brind'Amour wins face-off versus Saku Koivu in Avalanche zone.
14:50 of 1st period - Snap shot by Stephen Weiss.
14:50 of 1st period - Stopped by Antti Niemi with a rebound.
14:52 of 1st period - Slapshot by Mike Cammalleri.
14:52 of 1st period - Stopped by Antti Niemi with a rebound.
14:54 of 1st period - Snap shot by Stephen Weiss.
14:54 of 1st period - Stopped by Antti Niemi without a rebound.
14:55 of 1st period - Saku Koivu wins face-off versus Mike Comrie in Avalanche zone.
15:04 of 1st period - Wrist shot by Rene Bourque.
15:04 of 1st period - Stopped by Antti Niemi with a rebound.
15:07 of 1st period - Icing by Mike Rathje.
15:08 of 1st period - Mike Comrie wins face-off versus Saku Koivu in Avalanche zone.
15:20 of 1st period - Off-side.
15:21 of 1st period - Saku Koivu wins face-off versus Jeremy Roenick in neutral zone.
15:25 of 1st period - Off-side.
15:26 of 1st period - Jeremy Roenick wins face-off versus Saku Koivu in neutral zone.
15:31 of 1st period - Icing by Lubomir Visnovsky.
15:32 of 1st period - Jeremy Roenick wins face-off versus Saku Koivu in Nordiques zone.
15:33 of 1st period - Slapshot by Ryan Smyth.
15:33 of 1st period - Stopped by Roberto Luongo with a rebound.
15:47 of 1st period - Slapshot by Jason Pominville.
15:47 of 1st period - Stopped by Roberto Luongo without a rebound.
15:48 of 1st period - Mike Comrie wins face-off versus Stephen Weiss in Nordiques zone.
15:51 of 1st period - Wrist shot by Mike Comrie.
15:51 of 1st period - Stopped by Roberto Luongo with a rebound.
15:59 of 1st period - Snap shot by Bobby Ryan.
15:59 of 1st period - Shot Misses the Net.
16:01 of 1st period - Wrist shot by Mike Comrie.
16:01 of 1st period - Goal by Mike Comrie - Nordiques : 0 - Avalanche : 1.
16:02 of 1st period - Stephen Weiss wins face-off versus Jeremy Roenick in neutral zone.
16:35 of 1st period - Snap shot by Bobby Ryan.
16:35 of 1st period - Stopped by Roberto Luongo without a rebound.
16:36 of 1st period - Jeremy Roenick wins face-off versus Saku Koivu in Nordiques zone.
16:47 of 1st period - Snap shot by Jason Pominville.
16:47 of 1st period - Stopped by Roberto Luongo without a rebound.
16:48 of 1st period - Jeremy Roenick wins face-off versus Stephen Weiss in Nordiques zone.
17:15 of 1st period - Eric Brewer is hit by Mike Comrie.
18:14 of 1st period - Slapshot by Dany Heatley.
18:14 of 1st period - Shot Blocked by Ossi Vaananen.
18:16 of 1st period - Slapshot by Dany Heatley.
18:16 of 1st period - Shot Misses the Net.
18:18 of 1st period - Snap shot by Rene Bourque.
18:18 of 1st period - Shot Misses the Net.
18:20 of 1st period - Backhand shot by Lubomir Visnovsky.
18:20 of 1st period - Shot Blocked by Frantisek Kaberle.
18:22 of 1st period - Wrist shot by Eric Brewer.
18:22 of 1st period - Shot Misses the Net.
18:24 of 1st period - Snap shot by Saku Koivu.
18:24 of 1st period - Deflect By Rene Bourque.
18:24 of 1st period - Goal by Rene Bourque - Nordiques : 1 - Avalanche : 1.
18:25 of 1st period - Stephen Weiss wins face-off versus Jeremy Roenick in neutral zone.
18:38 of 1st period - Wrist shot by Ryan Smyth.
18:38 of 1st period - Shot Blocked by Mike Cammalleri.
18:40 of 1st period - Snap shot by Ryan Smyth.
18:40 of 1st period - Stopped by Roberto Luongo with a rebound.
18:52 of 1st period - Kris Vernarsky is hit by Mike Comrie and loses puck.
18:54 of 1st period - Minor Penalty to Karel Pilar for Slashing.
18:55 of 1st period - Jeremy Roenick wins face-off versus Dany Heatley in Nordiques zone.

2nd period


0:01 of 2nd period - Jeremy Roenick wins face-off versus Dany Heatley in neutral zone.
0:15 of 2nd period - Off-side.
0:16 of 2nd period - Jeremy Roenick wins face-off versus Dany Heatley in neutral zone.
0:27 of 2nd period - Snap shot by Jason Pominville.
0:27 of 2nd period - Stopped by Roberto Luongo without a rebound.
0:28 of 2nd period - Jeremy Roenick wins face-off versus Dany Heatley in Nordiques zone.
0:54 of 2nd period - Penalty to Karel Pilar is over, Karel Pilar is back on ice.
1:03 of 2nd period - Snap shot by Karel Pilar.
1:03 of 2nd period - Stopped by Antti Niemi with a rebound.
1:51 of 2nd period - Minor Penalty to Martin Lapointe for Roughing.
1:52 of 2nd period - Saku Koivu wins face-off versus Rod Brind'Amour in Avalanche zone.
2:47 of 2nd period - Lubomir Visnovsky is hit by Mike Rathje and loses puck.
3:38 of 2nd period - Rostislav Olesz is hit by Dany Heatley and loses puck.
3:51 of 2nd period - Penalty to Martin Lapointe is over, Martin Lapointe is back on ice.
3:59 of 2nd period - Wrist shot by Ryan Smyth.
3:59 of 2nd period - Stopped by Roberto Luongo with a rebound.
4:29 of 2nd period - Snap shot by Kris Vernarsky.
4:29 of 2nd period - Stopped by Antti Niemi with a rebound.
4:31 of 2nd period - Slapshot by Cory Sarich.
4:31 of 2nd period - Shot Misses the Net.
4:33 of 2nd period - Slapshot by Karel Pilar.
4:33 of 2nd period - Shot Blocked by Bobby Ryan.
4:35 of 2nd period - Wrist shot by Matt Pettinger.
4:35 of 2nd period - Shot Misses the Net.
4:37 of 2nd period - Slapshot by Karel Pilar.
4:37 of 2nd period - Stopped by Antti Niemi with a rebound.
4:39 of 2nd period - Slapshot by Matt Pettinger.
4:39 of 2nd period - Shot Misses the Net.
4:41 of 2nd period - Slapshot by Karel Pilar.
4:41 of 2nd period - Shot Misses the Net.
4:43 of 2nd period - Slapshot by Valeri Bure.
4:43 of 2nd period - Stopped by Antti Niemi without a rebound.
4:44 of 2nd period - Jeremy Roenick wins face-off versus Dave Scatchard in Avalanche zone.
4:44 of 2nd period - Jeremy Roenick is hit by Mattias Weinhandl.
4:50 of 2nd period - Dave Scatchard is hit by Ryan Smyth and loses puck.
5:53 of 2nd period - Alexei Ponikarovsky is hit by Mike Comrie and loses puck.
6:42 of 2nd period - Dany Heatley is hit by Rod Brind'Amour and loses puck.
7:01 of 2nd period - Snap shot by Martin Lapointe.
7:01 of 2nd period - Shot Misses the Net.
7:03 of 2nd period - Slapshot by Frantisek Kaberle.
7:03 of 2nd period - Stopped by Roberto Luongo without a rebound.
7:04 of 2nd period - Jeremy Roenick wins face-off versus Stephen Weiss in Nordiques zone.
7:05 of 2nd period - Snap shot by Jason Pominville.
7:05 of 2nd period - Stopped by Roberto Luongo without a rebound.
7:06 of 2nd period - Stephen Weiss wins face-off versus Jeremy Roenick in Nordiques zone.
7:06 of 2nd period - Stephen Weiss is hit by Mike Rathje.
7:24 of 2nd period - Icing by Jason Pominville.
7:25 of 2nd period - Saku Koivu wins face-off versus Jeremy Roenick in Avalanche zone.
7:42 of 2nd period - Slapshot by Jason Pominville.
7:42 of 2nd period - Stopped by Roberto Luongo with a rebound.
7:44 of 2nd period - Slapshot by Jeremy Roenick.
7:44 of 2nd period - Stopped by Roberto Luongo without a rebound.
7:45 of 2nd period - Stephen Weiss wins face-off versus Mike Comrie in Nordiques zone.
8:33 of 2nd period - Minor Penalty to Ryan Smyth for Hooking.
8:34 of 2nd period - Rod Brind'Amour wins face-off versus Saku Koivu in Avalanche zone.
10:15 of 2nd period - Icing by Mike Cammalleri.
10:16 of 2nd period - Éric Perrin wins face-off versus Stephen Weiss in Nordiques zone.
10:33 of 2nd period - Penalty to Ryan Smyth is over, Ryan Smyth is back on ice.
10:47 of 2nd period - Wrist shot by Matt Pettinger.
10:47 of 2nd period - Shot Misses the Net.
10:49 of 2nd period - Snap shot by Matt Pettinger.
10:49 of 2nd period - Stopped by Antti Niemi with a rebound.
11:05 of 2nd period - Minor Penalty to Mike Rathje for Hooking.
11:06 of 2nd period - Saku Koivu wins face-off versus Rod Brind'Amour in Avalanche zone.
11:59 of 2nd period - Sami Salo is hit by Saku Koivu and loses puck.
12:12 of 2nd period - Sami Salo is hit by Cory Sarich.
12:48 of 2nd period - Snap shot by Rene Bourque.
12:48 of 2nd period - Shot Misses the Net.
13:05 of 2nd period - Penalty to Mike Rathje is over, Mike Rathje is back on ice.
13:06 of 2nd period - Ossi Vaananen is hit by Brian Gionta and loses puck.
13:13 of 2nd period - Snap shot by Stephen Weiss.
13:13 of 2nd period - Shot Misses the Net.
13:15 of 2nd period - Snap shot by Brian Gionta.
13:15 of 2nd period - Shot Misses the Net.
13:17 of 2nd period - Snap shot by Karel Pilar.
13:17 of 2nd period - Stopped by Antti Niemi without a rebound.
13:18 of 2nd period - Matt Pettinger wins face-off versus Mike Comrie in Avalanche zone.
13:19 of 2nd period - Wrist shot by Kris Vernarsky.
13:19 of 2nd period - Shot Misses the Net.
13:21 of 2nd period - Wrist shot by Matt Pettinger.
13:21 of 2nd period - Shot Blocked by Rostislav Olesz.
13:46 of 2nd period - Snap shot by Ryan Smyth.
13:46 of 2nd period - Shot Blocked by Brian Gionta.
13:54 of 2nd period - Ryan Smyth is hit by Stephen Weiss and loses puck.
14:23 of 2nd period - Slapshot by Rod Brind'Amour.
14:23 of 2nd period - Shot Blocked by Lubomir Visnovsky.
14:39 of 2nd period - Snap shot by Mike Comrie.
14:39 of 2nd period - Stopped by Roberto Luongo with a rebound.
14:55 of 2nd period - Snap shot by Jason Pominville.
14:55 of 2nd period - Shot Blocked by Stephen Weiss.
16:22 of 2nd period - Karel Pilar is hit by Martin Lapointe.
16:31 of 2nd period - Minor Penalty to Mike Rathje for Hooking.
16:31 of 2nd period - Minor Penalty to Nick Schultz for High sticking.
16:32 of 2nd period - Jeremy Roenick wins face-off versus Dany Heatley in Nordiques zone.
16:33 of 2nd period - Snap shot by Ryan Smyth.
16:33 of 2nd period - Shot Blocked by Eric Brewer.
16:48 of 2nd period - Icing by Frantisek Kaberle.
16:49 of 2nd period - Dany Heatley wins face-off versus Jeremy Roenick in Avalanche zone.
17:06 of 2nd period - Wrist shot by Jeremy Roenick.
17:06 of 2nd period - Stopped by Roberto Luongo without a rebound.
17:07 of 2nd period - Jeremy Roenick wins face-off versus Dany Heatley in Nordiques zone.
17:10 of 2nd period - Wrist shot by Ryan Smyth.
17:10 of 2nd period - Shot Misses the Net.
17:12 of 2nd period - Slapshot by Frantisek Kaberle.
17:12 of 2nd period - Stopped by Roberto Luongo without a rebound.
17:13 of 2nd period - Dany Heatley wins face-off versus Ryan Smyth in Nordiques zone.
17:28 of 2nd period - Snap shot by Saku Koivu.
17:28 of 2nd period - Stopped by Antti Niemi with a rebound.
17:34 of 2nd period - Lubomir Visnovsky is hit by Jeremy Roenick and loses puck.
17:49 of 2nd period - Off-side.
17:50 of 2nd period - Jeremy Roenick wins face-off versus Dany Heatley in neutral zone.
18:31 of 2nd period - Penalty to Mike Rathje is over, Mike Rathje is back on ice.
18:31 of 2nd period - Penalty to Nick Schultz is over, Nick Schultz is back on ice.
18:41 of 2nd period - Slapshot by Frantisek Kaberle.
18:41 of 2nd period - Shot Blocked by Lubomir Visnovsky.
18:45 of 2nd period - Slapshot by Martin Lapointe.
18:45 of 2nd period - Shot Misses the Net.
18:51 of 2nd period - Slapshot by Marc Staal.
18:51 of 2nd period - Stopped by Roberto Luongo without a rebound.
18:52 of 2nd period - Mike Comrie wins face-off versus Kris Vernarsky in Nordiques zone.
19:19 of 2nd period - Minor Penalty to Jack Johnson for Tripping.
19:20 of 2nd period - Rod Brind'Amour wins face-off versus Saku Koivu in Avalanche zone.
19:53 of 2nd period - Backhand shot by Stephen Weiss.
19:53 of 2nd period - Deflect By Brian Gionta.
19:53 of 2nd period - Stopped by Antti Niemi with a rebound.

3rd period


0:01 of 3rd period - Saku Koivu wins face-off versus Rod Brind'Amour in neutral zone.
0:04 of 3rd period - Marc Staal is hit by Eric Brewer.
1:19 of 3rd period - Penalty to Jack Johnson is over, Jack Johnson is back on ice.
1:20 of 3rd period - Ossi Vaananen is hit by Mike Cammalleri and loses puck.
1:33 of 3rd period - Slapshot by Mattias Weinhandl.
1:33 of 3rd period - Stopped by Antti Niemi without a rebound.
1:34 of 3rd period - Jeremy Roenick wins face-off versus Dave Scatchard in Avalanche zone.
2:07 of 3rd period - Snap shot by Rene Bourque.
2:07 of 3rd period - Shot Misses the Net.
2:09 of 3rd period - Wrist shot by Rene Bourque.
2:09 of 3rd period - Goal by Rene Bourque - Nordiques : 2 - Avalanche : 1.
2:10 of 3rd period - Saku Koivu wins face-off versus Jeremy Roenick in neutral zone.
2:37 of 3rd period - Minor Penalty to Mike Cammalleri for Cross-checking.
2:38 of 3rd period - Jeremy Roenick wins face-off versus Dany Heatley in Nordiques zone.
2:47 of 3rd period - Wrist shot by Ryan Smyth.
2:47 of 3rd period - Deflect By Jeremy Roenick.
2:47 of 3rd period - Shot Blocked by Eric Brewer.
2:47 of 3rd period - Puck is out of play.
2:48 of 3rd period - Dany Heatley wins face-off versus Jeremy Roenick in Nordiques zone.
2:48 of 3rd period - Dany Heatley is hit by Ryan Smyth.
3:10 of 3rd period - Wrist shot by Jason Pominville.
3:10 of 3rd period - Stopped by Roberto Luongo with a rebound.
3:12 of 3rd period - Slapshot by Sami Salo.
3:12 of 3rd period - Deflect By Jeremy Roenick.
3:12 of 3rd period - Stopped by Roberto Luongo without a rebound.
3:13 of 3rd period - Mike Comrie wins face-off versus Dany Heatley in Nordiques zone.
3:16 of 3rd period - Slapshot by Bobby Ryan.
3:16 of 3rd period - Stopped by Roberto Luongo without a rebound.
3:17 of 3rd period - Dany Heatley wins face-off versus Mike Comrie in Nordiques zone.
3:17 of 3rd period - Dany Heatley is hit by Mike Comrie.
4:37 of 3rd period - Penalty to Mike Cammalleri is over, Mike Cammalleri is back on ice.
4:50 of 3rd period - Wrist shot by Éric Perrin.
4:50 of 3rd period - Stopped by Roberto Luongo without a rebound.
4:51 of 3rd period - Brian Gionta wins face-off versus Éric Perrin in Nordiques zone.
6:03 of 3rd period - Off-side.
6:04 of 3rd period - Saku Koivu wins face-off versus Jeremy Roenick in neutral zone.
6:04 of 3rd period - Saku Koivu is hit by Mike Rathje.
6:07 of 3rd period - Minor Penalty to Jason Pominville for Charging.
6:08 of 3rd period - Saku Koivu wins face-off versus Rod Brind'Amour in Avalanche zone.
6:09 of 3rd period - Slapshot by Dany Heatley.
6:09 of 3rd period - Stopped by Antti Niemi without a rebound.
6:10 of 3rd period - Rod Brind'Amour wins face-off versus Saku Koivu in Avalanche zone.
6:32 of 3rd period - Icing by Lubomir Visnovsky.
6:33 of 3rd period - Jeremy Roenick wins face-off versus Saku Koivu in Nordiques zone.
6:34 of 3rd period - Snap shot by Chuck Kobasew.
6:34 of 3rd period - Shot Misses the Net.
6:44 of 3rd period - Snap shot by Eric Brewer.
6:44 of 3rd period - Goal by Eric Brewer - Nordiques : 3 - Avalanche : 1.
6:45 of 3rd period - Saku Koivu wins face-off versus Jeremy Roenick in neutral zone.
6:48 of 3rd period - Wrist shot by Rene Bourque.
6:48 of 3rd period - Deflect By Saku Koivu.
6:48 of 3rd period - Shot Misses the Net.
6:48 of 3rd period - Puck is out of play.
6:49 of 3rd period - Ryan Smyth wins face-off versus Saku Koivu in Avalanche zone.
6:49 of 3rd period - Ryan Smyth is hit by Saku Koivu.
7:19 of 3rd period - Rostislav Olesz is hit by Stephen Weiss and loses puck.
7:25 of 3rd period - Off-side.
7:26 of 3rd period - Saku Koivu wins face-off versus Jeremy Roenick in neutral zone.
7:38 of 3rd period - Wrist shot by Jason Pominville.
7:38 of 3rd period - Stopped by Roberto Luongo with a rebound.
7:40 of 3rd period - Slapshot by Sami Salo.
7:40 of 3rd period - Shot Blocked by Cory Sarich.
7:58 of 3rd period - Wrist shot by Mike Cammalleri.
7:58 of 3rd period - Stopped by Antti Niemi with a rebound.
8:20 of 3rd period - Wrist shot by Dave Scatchard.
8:20 of 3rd period - Stopped by Antti Niemi with a rebound.
8:22 of 3rd period - Snap shot by Lubomir Visnovsky.
8:22 of 3rd period - Stopped by Antti Niemi without a rebound.
8:23 of 3rd period - Jason Pominville wins face-off versus Saku Koivu in Avalanche zone.
8:33 of 3rd period - Snap shot by Marc Staal.
8:33 of 3rd period - Stopped by Roberto Luongo with a rebound.
8:35 of 3rd period - Wrist shot by Jeremy Roenick.
8:35 of 3rd period - Shot Misses the Net.
8:37 of 3rd period - Slapshot by Jason Pominville.
8:37 of 3rd period - Shot Misses the Net.
8:39 of 3rd period - Snap shot by Jack Johnson.
8:39 of 3rd period - Stopped by Roberto Luongo with a rebound.
9:11 of 3rd period - Slapshot by Valeri Bure.
9:11 of 3rd period - Shot Misses the Net.
9:19 of 3rd period - Slapshot by Andrew Ladd.
9:19 of 3rd period - Shot Blocked by Kris Vernarsky.
9:21 of 3rd period - Snap shot by Chuck Kobasew.
9:21 of 3rd period - Stopped by Roberto Luongo without a rebound.
9:22 of 3rd period - Saku Koivu wins face-off versus Jeremy Roenick in Nordiques zone.
9:22 of 3rd period - Saku Koivu is hit by Ryan Smyth.
9:34 of 3rd period - Slapshot by Jeremy Roenick.
9:34 of 3rd period - Shot Misses the Net.
9:36 of 3rd period - Snap shot by Ryan Smyth.
9:36 of 3rd period - Stopped by Roberto Luongo without a rebound.
9:37 of 3rd period - Stephen Weiss wins face-off versus Mike Comrie in Nordiques zone.
10:29 of 3rd period - Snap shot by Dave Scatchard.
10:29 of 3rd period - Shot Blocked by Frantisek Kaberle.
10:31 of 3rd period - Snap shot by Alexei Ponikarovsky.
10:31 of 3rd period - Stopped by Antti Niemi without a rebound.
10:32 of 3rd period - Jeremy Roenick wins face-off versus Alexei Ponikarovsky in Avalanche zone.
10:41 of 3rd period - Wrist shot by Ryan Smyth.
10:41 of 3rd period - Stopped by Roberto Luongo without a rebound.
10:42 of 3rd period - Saku Koivu wins face-off versus Jason Pominville in Nordiques zone.
11:34 of 3rd period - Slapshot by Rod Brind'Amour.
11:34 of 3rd period - Stopped by Roberto Luongo with a rebound.
11:35 of 3rd period - Minor Penalty to Kris Vernarsky for Hooking.
11:36 of 3rd period - Dany Heatley wins face-off versus Jeremy Roenick in Nordiques zone.
11:44 of 3rd period - Icing by Jeremy Roenick.
11:45 of 3rd period - Dany Heatley wins face-off versus Jeremy Roenick in Avalanche zone.
11:48 of 3rd period - Wrist shot by Dany Heatley.
11:48 of 3rd period - Shot Misses the Net.
13:35 of 3rd period - Penalty to Kris Vernarsky is over, Kris Vernarsky is back on ice.
14:26 of 3rd period - Slapshot by Stephen Weiss.
14:26 of 3rd period - Stopped by Antti Niemi with a rebound.
14:46 of 3rd period - Snap shot by Éric Perrin.
14:46 of 3rd period - Stopped by Roberto Luongo with a rebound.
15:27 of 3rd period - Saku Koivu is hit by Bobby Ryan.
15:45 of 3rd period - Marc Staal is hit by Matt Pettinger and loses puck.
16:16 of 3rd period - Frantisek Kaberle is hit by Alexei Ponikarovsky.
16:59 of 3rd period - Bobby Ryan is hit by Valeri Bure.
17:05 of 3rd period - Slapshot by Valeri Bure.
17:05 of 3rd period - Stopped by Antti Niemi without a rebound.
17:06 of 3rd period - Kris Vernarsky wins face-off versus Martin Lapointe in Avalanche zone.
17:07 of 3rd period - Snap shot by Matt Pettinger.
17:07 of 3rd period - Stopped by Antti Niemi with a rebound.
17:32 of 3rd period - Icing by Jason Pominville.
17:33 of 3rd period - Kris Vernarsky wins face-off versus Jeremy Roenick in Avalanche zone.
17:36 of 3rd period - Snap shot by Matt Pettinger.
17:36 of 3rd period - Deflect By Kris Vernarsky.
17:36 of 3rd period - Stopped by Antti Niemi without a rebound.
17:37 of 3rd period - Rod Brind'Amour wins face-off versus Kris Vernarsky in Avalanche zone.
17:37 of 3rd period - Rod Brind'Amour is hit by Lubomir Visnovsky.
17:47 of 3rd period - Valeri Bure is hit by Sami Salo and loses puck.
17:56 of 3rd period - Matt Pettinger is hit by Chuck Kobasew and loses puck.
18:14 of 3rd period - Icing by Jack Johnson.
18:15 of 3rd period - Saku Koivu wins face-off versus Éric Perrin in Avalanche zone.
18:24 of 3rd period - Wrist shot by Saku Koivu.
18:24 of 3rd period - Shot Blocked by Jack Johnson.
18:26 of 3rd period - Slapshot by Dany Heatley.
18:26 of 3rd period - Stopped by Antti Niemi with a rebound.
18:28 of 3rd period - Backhand shot by Karel Pilar.
18:28 of 3rd period - Shot Blocked by Jack Johnson.
18:51 of 3rd period - Icing by Kris Vernarsky.
18:52 of 3rd period - Jeremy Roenick wins face-off versus Kris Vernarsky in Nordiques zone.
19:03 of 3rd period - Snap shot by Valeri Bure.
19:03 of 3rd period - Stopped by Antti Niemi with a rebound.
19:05 of 3rd period - Backhand shot by Cory Sarich.
19:05 of 3rd period - Stopped by Antti Niemi without a rebound.
19:06 of 3rd period - Rod Brind'Amour wins face-off versus Saku Koivu in Avalanche zone.
19:06 of 3rd period - Rod Brind'Amour is hit by Saku Koivu.


Output by the SimonT Hockey Simulator (STHS) for François Prévost -- Original Page W3C XHTML 1.0 Valid
Hockey Simulator - Hockey Simulation - Hockey Manager